 Dungeon Crawl Stone Soup version 0.31-a0-177-g4aa6249778 (webtiles) character file.

Game seed: 3151680858625188388

657 mopl the Caller (level 7, -1/46 HPs)
             Began as a Barachi Summoner on June 18, 2023.
             Was an Initiate of Sif Muna.
             Slain by a killer bee (6 damage)
             ... on level 5 of the Dungeon.
             The game lasted 00:06:24 (4338 turns).

mopl the Caller (Barachi Summoner)                  Turns: 4338, Time: 00:06:25

Health: -1/46      AC:  5    Str:  9    XL:     7   Next: 55%
Magic:  12/24      EV: 12    Int: 17    God:    Sif Muna [......]
Gold:   148        SH:  0    Dex: 13    Spells: 4/17 levels left

rFire   . . .        m - +4 falchion
rCold   . . .        (no shield)
rNeg    . . .        a - +0 robe
rPois   +            c - +2 helmet
rElec   .            (no cloak)
rCorr   .            (no gloves)
SInv    .            (no boots)
Will    .....        (no amulet)
Stlth   ++           y - ring of magical power
HPRegen 0.27/turn    s - ring of poison resistance
MPRegen 0.19/turn

%: no passive effects
@: lethally poisoned (-1 -> -3), slow
A: amphibious, slowness 1, strong legs 1, +LOS
a: Hop, Renounce Religion


You were on level 5 of the Dungeon.
You worshipped Sif Muna.
Sif Muna was noncommittal.
You visited 2 branches of the dungeon, and saw 6 of its levels.

You collected 148 gold pieces.

Inventory:

Hand Weapons
 d - a +0 mace
 m - a +4 falchion (weapon)
 x - a +0 spear
Missiles
 q - 2 datura-tipped darts
 t - 5 poisoned darts
Armour
 a - a +0 robe (worn)
 c - a +2 helmet (worn)
Magical Staves
 g - a staff of poison
Jewellery
 s - a ring of poison resistance (right hand)
 w - a ring of flight
 y - a ring of magical power (left hand)
Wands
 e - a wand of flame (18)
Scrolls
 j - a scroll of fog {unknown}
 k - a scroll of teleportation {unknown}
 l - 3 scrolls of immolation {unknown}
 n - 2 scrolls of blinking {unknown}
 u - a scroll of revelation {unknown}
Potions
 b - 2 potions of magic
 f - a potion of cancellation
 h - a potion of resistance {unknown}
 i - 2 potions of curing {unknown}
 o - 2 potions of lignification {unknown}
 p - 2 potions of enlightenment {unknown}
 r - 2 potions of might
 v - a potion of berserk rage {!q}


   Skills:
 - Level 2.1 Dodging
 - Level 1.7 Stealth
 + Level 5.6 Spellcasting
 + Level 7.9 Summonings
 + Level 2.5 Invocations


You had 4 spell levels left.
You knew the following spells:

 Your Spells              Type           Power      Damage    Failure   Level
a - Summon Small Mammal   Summ           100%       N/A       1%          1
b - Call Imp              Summ           62%        N/A       1%          2
c - Call Canine Familiar  Summ           31%        N/A       1%          3
f - Summon Lightning Spi  Summ/Air       18%        N/A       26%         4
g - Summon Guardian Gole  Hex/Summ       18%        N/A       8%          3

Your spell library contained the following spells:

 Spells                   Type           Power      Damage    Failure   Level
 Foxfire                  Conj/Fire      16%        2x1d4     14%         1
 Fireball                 Conj/Fire      2%         3d4       98%         5
 Plasma Beam              Fire/Air       2%         2x1d12    100%        6
 Starburst                Conj/Fire      2%         6d3       100%        6


Dungeon Overview and Level Annotations

Branches:
Dungeon (5/15)             Temple (1/1) D:4

Altars:
Ashenzari
Makhleb
Sif Muna
Vehumet

Shops:
D:3 :


Innate Abilities, Weirdness & Mutations

You are amphibious.
You cover ground slowly.
You can hop short distances.
You have an extended range of vision and can be seen from far away.


Message History

The killer bee stings your hound!
Your hound dies!
Your hound's corpse disappears in a puff of smoke!
Flame seeps out of your guardian golem.
The killer bee attacks as you move away!
The killer bee barely misses you. x2; The killer bee closely misses you.
Your guardian golem is engulfed in blazing flames.
Flame seeps out of your guardian golem.
Unknown command.
You barely miss the killer bee.
The killer bee is lightly wounded.
The killer bee stings you but does no damage.
The killer bee stings you. The killer bee completely misses you.
The killer bee closely misses you. x3
Unknown command.
You miss the killer bee.
The killer bee is lightly wounded.
The killer bee closely misses you. The killer bee stings you.
The killer bee barely misses you. x2
Unknown command.
You barely miss the killer bee.
The killer bee is lightly wounded.
The killer bee stings you but does no damage. x2
The killer bee stings you.
You are poisoned.
The killer bee poisons you! The killer bee barely misses you.
The killer bee stings you. x2
Okay, then.
You hit the killer bee.
The killer bee is lightly wounded.
You feel sick. The killer bee closely misses you.
The killer bee barely misses you. The killer bee closely misses you.
The killer bee stings you.
* * * LOW HITPOINT WARNING * * *
You barely miss the killer bee.
The killer bee is lightly wounded.
You feel sick. The killer bee stings you.
* * * LOW HITPOINT WARNING * * *
The killer bee stings you.
You die...

...# #..### ### #..#.#
####<######## . #..#.#
#............ .l
..#.####.##.........
##.###.#.#.....#.........
..y..y...#..[..#.9.......
.y.(.....#.....#y#.#..#.#
...###yy.+.....#@#.#..#.# .
#.#.#.....#y#.#..#.#
...###.#.y######y#.#....###.
.........lyyyy.ly.>.........#
######.##.######†#..........#
#.##.# #.#..........# #.....
#.#..........# ..)#...
#.#..........# ##.###..
#.#..........#


You could see an iguana, 4 killer bees and a friendly guardian golem (summoned,
inner flame).

Vanquished Creatures
  2 scorpions (D:5)
  An orc priest (D:5)
  Natasha (thrice) (D:3)
  Terence (D:2)
  3 orc wizards (D:5)
  3 adders
  A dart slug (D:1)
  3 orcs
  8 endoplasms
  19 giant cockroaches
  6 goblins
  7 hobgoblins
  4 jackals
  7 kobolds
  4 quokkas
  8 ball pythons
  5 bats
  5 frilled lizards
  6 rats
96 creatures vanquished.

Vanquished Creatures (collateral kills)
  An ogre (D:5)
  A scorpion (D:5)
  An orc (D:5)
  A bat (D:1)
  A goblin (D:1)
5 creatures vanquished.

Vanquished Creatures (others)
  A killer bee (D:5)
1 creature vanquished.

Grand Total: 102 creatures vanquished

Notes
Turn   | Place    | Note
-------+----------+-------------------------------------------
     0 | D:1      | mopl the Barachi Summoner began the quest for the Orb.
     0 | D:1      | Reached XP level 1. HP: 13/13 MP: 3/3
    57 | D:1      | Reached skill level 5 in Summonings
    90 | D:1      | Reached XP level 2. HP: 17/19 MP: 3/5
    95 | D:1      | Learned a level 2 spell: Call Imp
   410 | D:1      | Reached XP level 3. HP: 17/24 MP: 7/7
   469 | D:1      | Reached skill level 3 in Spellcasting
   742 | D:2      | Learned a level 3 spell: Call Canine Familiar
  1184 | D:2      | Noticed Terence
  1417 | D:2      | Killed Terence
  1418 | D:2      | Reached XP level 4. HP: 30/30 MP: 0/9
  1491 | D:2      | Reached skill level 6 in Summonings
  1856 | D:3      | Learned a level 3 spell: Summon Guardian Golem
  1913 | D:3      | Reached XP level 5. HP: 35/35 MP: 10/10
  1998 | D:3      | Reached skill level 4 in Spellcasting
  2240 | D:3      | Found Ysitafim's Book Emporium.
  2341 | D:3      | Noticed Natasha
  2344 | D:3      | Killed Natasha
  2750 | D:3      | Noticed Natasha
  2762 | D:3      | Killed Natasha
  2879 | D:3      | Found Ysitafim's Book Emporium.
  3038 | D:3      | Noticed Natasha
  3045 | D:3      | Killed Natasha
  3368 | D:4      | Reached XP level 6. HP: 30/41 MP: 12/12
  3514 | D:4      | Found a staircase to the Ecumenical Temple.
  3662 | Temple   | Entered the Ecumenical Temple
  3689 | Temple   | Became a worshipper of Sif Muna the Loreminder
  3715 | D:4      | Learned a level 4 spell: Summon Lightning Spire
  3767 | D:5      | Entered Level 5 of the Dungeon
  3812 | D:5      | Reached skill level 7 in Summonings
  3829 | D:5      | Reached skill level 1 in Invocations
  4005 | D:5      | Reached skill level 5 in Spellcasting
  4010 | D:5      | Reached XP level 7. HP: 27/46 MP: 14/14
  4257 | D:5      | Reached skill level 2 in Invocations
  4338 | D:5      | Slain by a killer bee

Illustrated notes

Levels and vault maps discovered:
D:1:      wander_arrival_desolate, layout_rooms
D:2:      layout_loops_corners, uniq_terence
D:3:      minmay_roachtagon, layout_loops_cross, serial_shops,
          nicolae_shop_tiny_glass, serial_aquarium, aquarium_bridge_long_joined
          [aquarium_subvault_balcony, aquarium_subvault_wall,
          aquarium_subvault_window, aquarium_subvault_bridge,
          aquarium_subvault_window, aquarium_subvault_bridge],
          aquarium_window_1, aquarium_window_1, aquarium_window_2,
          aquarium_view_2e, aquarium_balcony_5b, uniq_natasha
D:4:      layout_rooms, temple_hall
D:5:      nicolae_cairo_tiling_large, layout_basic,
          minmay_a_box_with_orc_wizards_in_it
Temple:   nicolae_temple_slightly_damp_pantheon

Skill      XL: |  1  2  3  4  5  6  7 |
---------------+----------------------+-----
Summonings     | 5 6 7 |  7.9
Spellcasting   | 3 4 5 |  5.6
Invocations    | 1 2 |  2.5
Dodging        | |  2.1
Stealth        | |  1.7

Action                     |  1- 3 |  4- 6 |  7- 9 || total
---------------------------+-------+-------+-------++-------
  Melee: Unarmed           |    17 |       |       ||    17
         Mace              |   149 |       |       ||   149
         Punch             |     2 |     3 |       ||     5
         Falchion          |       |   138 |    23 ||   161
   Cast: Summon Small Mamm |     3 |       |       ||     3
         Call Canine Famil |     4 |     3 |     5 ||    12
         Call Imp          |     4 |     1 |     2 ||     7
         Summon Guardian G |       |       |     2 ||     2
Ability: Hop               |     1 |     1 |       ||     2
    Use: Potion            |       |     1 |       ||     1
         Scroll            |       |       |     3 ||     3
   Stab: Sleeping          |     3 |     5 |       ||     8
 Armour: Robe              |    66 |    62 |     9 ||   137
  Dodge: Dodged            |   166 |    97 |    31 ||   294

Table legend: (Time is in decaauts)
 A = Elapsed time spent in this place.
 B = Non-inter-level travel time spent in this place.
 C = Inter-level travel time spent in this place.
 D = Time resting spent in this place.
 E = Time spent auto-exploring this place.
 F = Levels seen in this place.
 G = Mean time per level.
                   A        B        C        D        E       F      G
               +--------+--------+--------+--------+--------+-----+--------+
         Total |   5104 |   4852 |    252 |    507 |   3246 |   6 |  850.7 |
       Dungeon |   5048 |   4819 |    229 |    507 |   3221 |   5 | 1009.6 |
        Temple |     55 |     32 |     23 |      0 |     25 |   1 |   55.0 |
               +--------+--------+--------+--------+--------+-----+--------+

Top non-repeatable levels by time:
     D:3: 1696 daAuts
     D:2: 1133 daAuts
     D:1: 861 daAuts
     D:4: 725 daAuts
     D:5: 630 daAuts
  Temple: 55 daAuts
